 Dungeon Crawl Stone Soup version 0.19.0 (webtiles) character file.

122 Danakh the Skirmisher (level 4, -3/41 HPs)
             Began as a Minotaur Fighter on Nov 5, 2016.
             Slain by Danakh's ghost (6 damage)
             ... on level 3 of the Dungeon.
             The game lasted 00:04:06 (1769 turns).

Danakh the Skirmisher (Minotaur Fighter)            Turns: 1769, Time: 00:04:06

Health: -3/41      AC:  8    Str: 22    XL:     4   Next: 78%
Magic:  3/3        EV:  7    Int:  5    God:
Gold:   114        SH:  9    Dex:  9    Spells: 0 memorised, 3 levels left

rFire  x . .     SeeInvis .     a - +0 war axe
rCold  + . .     Gourm    .     b - +0 scale mail
rNeg   . . .     Faith    .     c - +0 shield
rPois  .         Spirit   .     (helmet restricted)
rElec  .         Reflect  .     (no cloak)
rCorr  .         Harm     .     (no gloves)
MR     .....                    i - +0 pair of boots
Stlth  ..........               (no amulet)
                                (no ring)
                                h - ring of ice

@: no status effects
A: retaliatory headbutt, horns 2
a: no special abilities


You were on level 3 of the Dungeon.
You were hungry.

You visited 1 branch of the dungeon, and saw 3 of its levels.

You collected 114 gold pieces.

Inventory:

Hand Weapons
 a - a +0 war axe (weapon)
Armour
 b - a +0 scale mail (worn)
 c - a +0 shield (worn)
 i - a +0 pair of boots (worn)
 l - a +0 pair of boots
Jewellery
 h - a ring of ice (left hand)
Wands
 n - a wand of random effects (18/48)
Scrolls
 e - 4 scrolls of identify {unknown}
 g - a scroll of random uselessness {unknown}
 m - 4 scrolls of remove curse {unknown}
 p - 2 scrolls of immolation {unknown}
Potions
 d - a potion of might
 k - 3 potions of lignification {unknown}
 q - a potion of curing {unknown}
Comestibles
 f - a bread ration
 j - 4 meat rations
 r - a slice of pizza


   Skills:
 + Level 4.6 Fighting
 * Level 4.1 Axes
 + Level 4.3 Armour
 + Level 4.3 Shields


You had 3 spell levels left.
You didn't know any spells.

Dungeon Overview and Level Annotations

Branches:
Dungeon (3/15)

Altars:

Annotations:
D:3 Danakh's ghost, amateur MiFi


Innate Abilities, Weirdness & Mutations

You reflexively headbutt those who attack you in melee.
You have a pair of horns on your head.


Message History

You hit Danakh's ghost but do no damage.
You headbutt Danakh's ghost, but do no damage.
Danakh's ghost is moderately damaged.
Danakh's ghost barely misses you. You furiously retaliate!
You headbutt Danakh's ghost. You hit Danakh's ghost.
Danakh's ghost is heavily damaged.
Danakh's ghost hits you! x2
You barely miss Danakh's ghost.
Danakh's ghost is heavily damaged.
You block Danakh's ghost's attack.
You slash Danakh's ghost!
Danakh's ghost is severely damaged.
You block Danakh's ghost's attack.
You barely miss Danakh's ghost.
Danakh's ghost is severely damaged.
Danakh's ghost hits you!
* * * LOW HITPOINT WARNING * * *
Danakh's ghost hits you.
You die...

...................#
.######..<........#
#....>............##
#$.......#...#.....##
#####........#...#####..####
...#........#.#....†......#
...#..........#....†††....#
###........##..............#
##...........@..............#
#...#.........W.............#
............................#
#.........................# .
###.........................#
..#...........................#
....................##.########
#. ##................##..# ..
#.#.............####.#


You could see Danakh's ghost.

Vanquished Creatures
  Ijyb (D:3)
  Natasha (D:2)
  3 adders (D:2)
  A worm (D:2)
  A dart slug (D:3)
  A leopard gecko (D:1)
  An orc (D:3)
  5 bats
  4 giant cockroaches
  5 goblins
  4 hobgoblins
  3 jackals (D:3)
  3 frilled lizards
  3 kobolds
  5 rats
41 creatures vanquished.

Notes
Turn   | Place    | Note
-------+----------+-------------------------------------------
     0 | D:1      | Danakh the Minotaur Fighter began the quest for the Orb.
     0 | D:1      | Reached XP level 1. HP: 19/19 MP: 0/0
   652 | D:1      | Reached XP level 2. HP: 27/27 MP: 1/1
   978 | D:2      | Reached XP level 3. HP: 33/33 MP: 2/2
  1348 | D:3      | Noticed Ijyb
  1355 | D:3      | Killed Ijyb
  1355 | D:3      | Reached XP level 4. HP: 25/40 MP: 3/3
  1444 | D:3      | Noticed Danakh's ghost (amateur MiFi)
  1447 | D:3      | Noticed Natasha
  1759 | D:2      | Killed Natasha
  1769 | D:3      | Slain by Danakh's ghost

Skill      XL: |  1  2  3  4 |
---------------+-------------+-----
Axes           | 3 4 |  4.1
Fighting       | 4 |  4.6
Shields        | 4 |  4.3
Armour         | 4 |  4.3

Action                   |  1- 3 |  4- 6 || total
-------------------------+-------+-------++-------
Melee: War axe           |    77 |    29 ||   106
       Headbutt          |     9 |     7 ||    16
  Eat: Chunk             |     1 |     1 ||     2
Armor: Scale mail        |    29 |    20 ||    49
Dodge: Dodged            |    24 |    12 ||    36
Block: Shield            |    40 |    15 ||    55
